 Dungeon Crawl Stone Soup version 0.30.0-17-ge0270778cf (webtiles) character file.

Game seed: 7063452517208547153

63 sampeng1 the Trooper (level 4, -1/37 HPs)
             Began as a Djinni Cinder Acolyte on May 23, 2023.
             Was a High Priest of Ignis.
             Hit by a goblin thrown by Robin (2 damage)
             ... on level 2 of the Dungeon.
             The game lasted 00:09:12 (1270 turns).

sampeng1 the Trooper (Djinni Cinder Acolyte)        Turns: 1270, Time: 00:09:13

Health: -1/37      AC:  3    Str: 13    XL:     4   Next: 30%
Gold:   52         EV: 11    Int: 17    God:    Ignis [*****.] SH:  0 Dex:  9

rFire   + + +        a - -1 falchion (flame)
rCold   . . .        (no shield)
rNeg    . . .        b - +0 robe
rPois   ∞            g - +0 helmet
rElec   .            (no cloak)
rCorr   +            (no gloves)
SInv    .            (boots unavailable)
Will    .....        (no amulet)
Stlth   +            e - ring of protection from cold
HPRegen 0.26/turn    l - ring of resist corrosion
MPRegen 0.00/turn

%: infuse magic (-2 HP)
@: flying
A: sickness immunity, fire resistance 2, cold vulnerability 1, float, innate
caster, HP casting, extra vitality 1
a: Renounce Religion, Fiery Armour, Foxfire Swarm, Rising Flame


You were on level 2 of the Dungeon.
You worshipped Ignis.
Ignis was extremely pleased with you.
You visited 1 branch of the dungeon, and saw 2 of its levels.

You collected 52 gold pieces.

Inventory:

Hand Weapons
 a - a -1 falchion of flaming (weapon)
 j - a +0 hand axe
Missiles
 d - 15 stones
 h - 5 boomerangs (quivered)
Armour
 b - a +0 robe (worn)
 g - a +0 helmet (worn)
Jewellery
 e - a ring of protection from cold (left hand)
 l - a ring of resist corrosion (right hand)
Potions
 c - a potion of degeneration
 i - a potion of lignification {unknown}


   Skills:
 + Level 3.7 Fighting
 + Level 3.3 Long Blades
 + Level 2.9 Spellcasting


You knew the following spells:

 Your Spells              Type           Power      Damage    Failure   Level
a - Scorch                Fire           24%        2d6       8%          2
b - Magic Dart            Conj           48%        1d5       5%          1
Your spell library was empty.

Dungeon Overview and Level Annotations

Branches:
Dungeon (2/15)

Altars:

Annotations:
D:2 Robin


Innate Abilities, Weirdness & Mutations

You are immune to sickness and miasma.
You are immune to poison.
Your flesh is very heat resistant. (rF++)
You are vulnerable to cold. (rC-)
You float through the air rather than walking.
You learn spells naturally, not from books.
Your magical power is your life essence.
You have superior vitality. (+4 MHP)


Message History

You see here a hobgoblin corpse.
You hit the goblin. You burn the goblin.
You kill the goblin!
The goblin hits you with a +0 dagger.
A goblin comes into view. It is wielding a +0 dagger.
The goblin shouts!
You hit the goblin but do no damage. The goblin hits you with a +0 club.
The goblin hits you with a +0 dagger.
You barely miss the goblin. The goblin barely misses you.
The goblin hits you with a +0 dagger.
* * * LOW HITPOINT WARNING * * *
It was a potion of flight.
You feel more buoyant. The goblin closely misses you.
The goblin barely misses you.
You barely miss the goblin. The goblin hits you but does no damage.
Robin roars a battlecry!
The goblins go into a battle-frenzy!
The goblin hits you but does no damage.
You hit the goblin. You burn the goblin.
You kill the goblin!
The goblin hits you but does no damage.
You closely miss the goblin. The goblin hits you with a +0 club.
* * * LOW HITPOINT WARNING * * *
Casting: Magic Dart (safe; 5% risk of failure)
Confirm with . or Enter, or press ? or * to list all spells.
Flames lash Robin.
Robin is moderately wounded.
Robin's fire resistance burns away.
* * * LOW HITPOINT WARNING * * *
Robin throws the goblin at you! The goblin barely misses you.
You hit the goblin. You burn the goblin.
You kill the goblin!
Robin throws the goblin at you! The goblin hits you with a +0 club.
* * * LOW HITPOINT WARNING * * *
The goblin closely misses you. The goblin completely misses you.
You hit the goblin. You burn the goblin.
You kill the goblin!
Robin is no longer more vulnerable to fire.
The goblin barely misses you. Robin throws the goblin at you!
You die...

....#.........# #.# #..# ...
########### #.# #..# ...
####### #.# #..# .. #..$..#
#.# #..# ..
#.....#######.###..#######
..[##.....#...................
gg........#.#.....####†#######
g..##.....#.#.###.####.#######
#..)††...g)@g.............
#.....#.#g###.############
..........#.# ###
######.####.# #.# #.# #.# #.#
#.# #.# #. ..(


You could see Robin, a hobgoblin (strong) and a goblin (strong).

Vanquished Creatures
  An adder (D:2)
  A worm (D:2)
  4 bats
  5 endoplasms
  3 giant cockroaches (D:1)
  9 goblins
  6 hobgoblins
  4 jackals (D:1)
  A quokka (D:2)
  4 ball pythons
  3 frilled lizards (D:1)
  3 kobolds
  2 rats
46 creatures vanquished.

Notes
Turn   | Place    | Note
-------+----------+-------------------------------------------
     0 | D:1      | sampeng1 the Djinni Cinder Acolyte began the quest for the
                  | Orb.
     0 | D:1      | sampeng1 set off with the following spells memorised:
                  | Scorch.
     0 | D:1      | Reached XP level 1. HP: 20/20 MP: 0/0
   281 | D:1      | Reached XP level 2. HP: 22/25 MP: 0/0
   507 | D:1      | Reached XP level 3. HP: 30/30 MP: 0/0
   507 | D:1      | Learned a level 1 spell: Magic Dart
  1211 | D:2      | Reached XP level 4. HP: 35/36 MP: 0/0
  1233 | D:2      | Noticed Robin
  1269 | D:2      | HP: 1/37 [goblin/+0 club[Robin] (5)]
  1270 | D:2      | Hit by a goblin thrown by Robin

Illustrated notes

Levels and vault maps discovered:
D:1:      dpeg_arrival_snail, layout_basic, minmay_heptomino_o4
D:2:      layout_basic, uniq_crazy_yiuf_cottage, uniq_robin

Skill      XL: |  1  2 |
---------------+-------+-----
Long Blades    | 3 |  3.3
Fighting       | |  3.7
Spellcasting   | |  2.9

Action                     |  1- 3 |  4- 6 || total
---------------------------+-------+-------++-------
  Melee: Falchion          |    90 |    18 ||   108
  Throw: Stone             |     2 |       ||     2
   Cast: Scorch            |    17 |     1 ||    18
         Magic Dart        |     6 |     6 ||    12
    Use: Scroll            |     4 |       ||     4
         Potion            |       |     1 ||     1
   Stab: Sleeping          |     1 |       ||     1
 Armour: Robe              |    17 |     5 ||    22
  Dodge: Dodged            |    50 |    17 ||    67
